 Dungeon Crawl Stone Soup version 0.22.1-2-g9c5b331 (webtiles) character file.

10 MalarOregon the Insei (level 2, 0/21 HPs)
             Began as a Merfolk Transmuter on Nov 24, 2018.
             Slain by a jackal (2 damage)
             ... on level 1 of the Dungeon.
             The game lasted 00:01:17 (303 turns).

MalarOregon the Insei (Merfolk Transmuter)           Turns: 303, Time: 00:01:18

Health: 0/21       AC:  2    Str: 10    XL:     2   Next: 20%
Magic:  1/5        EV: 13    Int: 12    God:
Gold:   15         SH:  0    Dex: 14    Spells: 2/5 levels left

rFire    . . .     SeeInvis .     - Unarmed
rCold    . . .     Gourm    .   (no shield)
rNeg     . . .     Faith    .   b - +0 robe
rPois    .         Spirit   .   (no helmet)
rElec    .         Reflect  .   (no cloak)
rCorr    +         Harm     .   (no gloves)
MR       .....                  (no boots)
Stlth    +.........             (no amulet)
HPRegen  0.07/turn              d - ring of resist corrosion
MPRegen  0.09/turn              (no ring)

@: appendage (expiring), very slightly contaminated
A: change form in water, swift swim, stealthy swim, horns 2
a: End Transformation


You were on level 1 of the Dungeon.
You were not hungry.
You had grown temporary horns.
You visited 1 branch of the dungeon, and saw 1 of its levels.

You collected 15 gold pieces.

Inventory:

Missiles
 a - 21 arrows
Armour
 b - a +0 robe (worn)
Jewellery
 d - a ring of resist corrosion (left hand)
   (You found it on level 1 of the Dungeon)
Scrolls
 c - a scroll of identify {unknown}
 g - a scroll of enchant weapon {unknown}
 h - a scroll of noise {unknown}
Comestibles
 e - a ration {!d}
 f - 4 chunks of flesh


   Skills:
 + Level 1.3 Fighting
 + Level 2.9 Dodging
 + Level 3.4 Unarmed Combat
 + Level 2.1 Spellcasting
 * Level 3.1 Transmutations


You had 2 spell levels left.
You knew the following spells:

 Your Spells              Type           Power        Failure   Level  Hunger
a - Beastly Appendage     Tmut           #.....       8%          1    ##.....
s - Sticks to Snakes      Tmut           #.......     12%         2    ###....

Your spell library contained the following spells:

 Spells                   Type           Power        Failure   Level  Hunger
 Spider Form              Tmut/Pois      #.........   38%         3    ####...
 Ice Form                 Ice/Tmut       #.......     80%         4    #####..
 Blade Hands              Tmut           #.........   91%         5    ######.


Dungeon Overview and Level Annotations

Branches:
Dungeon (1/15)

Altars:


Innate Abilities, Weirdness & Mutations

You revert to your normal form in water.
You are very nimble and swift while swimming.
You are very stealthy in the water. (Stealth+)
You have a pair of horns on your head.


Message History

The bat hits you. x2
A bat is nearby!
Your transformation is almost over.
The bat closely misses you. The bat hits you but does no damage.
The bat barely misses you. The bat barely misses you.
The bat hits you but does no damage.
You hit the bat.
You kill the bat!
No target in view!
No target in view!
Your horns disappear. 2 jackals come into view.
The jackal barks!
There are monsters nearby!
There are monsters nearby!
You miscast Beastly Appendage.
You are very lightly contaminated with residual magic.
Strange energies run through your body.
The jackal barks!
You hit the jackal but do no damage. The jackal bites you.
You miss the jackal. The jackal closely misses you.
You miscast Beastly Appendage.
Nothing appears to happen.
The jackal closely misses you. The jackal bites you. x2
You hit the jackal but do no damage. The jackal bites you.
A frilled lizard comes into view.
The jackal closely misses you. The jackal bites you.
You closely miss the jackal. The jackal barely misses you. x2
You grow a pair of large bovine horns.
The jackal closely misses you. x2
The jackal barely misses you.
You hit the jackal but do no damage. Your headbutt misses the jackal.
The jackal bites you.
The jackal bites you but does no damage.
The jackal bites you.
* * * LOW HITPOINT WARNING * * *
You hit the jackal. You headbutt the jackal. The jackal bites you.
* * * LOW HITPOINT WARNING * * *
The jackal bites you but does no damage.
You closely miss the jackal. The jackal closely misses you.
The jackal bites you.
* * * LOW HITPOINT WARNING * * *
The jackal misses you.
You barely miss the jackal. The jackal bites you.
* * * LOW HITPOINT WARNING * * *
The jackal bites you.
* * * LOW HITPOINT WARNING * * *
The jackal barely misses you. The jackal closely misses you.
Your transformation is almost over.
You create a snake!
You now have 21 arrows.
The jackal bites you.
You die...

. .. # #.#. .#
##.#.########.###
...................#
....................
.....................
##.#........h..l...... ...
...#......##h###...... ...
..........##@# ..#.#
..#.##.....#..##.###...#
.................S.....#
.................###..## ..#
#................# ..#
#..#..#..........#. ..
..#.##..#..#...#....... ...
...............##.###.#..#
..#...............###.#..###


You could see 2 jackals and a friendly ball python.

Vanquished Creatures
  A dart slug (D:1)
  A leopard gecko (D:1)
  2 bats (D:1)
  A giant cockroach (D:1)
  A hobgoblin (D:1)
6 creatures vanquished.

Notes
Turn   | Place    | Note
-------+----------+-------------------------------------------
     0 | D:1      | MalarOregon the Merfolk Transmuter began the quest for the
                  | Orb.
     0 | D:1      | Reached XP level 1. HP: 15/15 MP: 3/3
   253 | D:1      | Reached XP level 2. HP: 21/21 MP: 3/5
   261 | D:1      | Learned a level 2 spell: Sticks to Snakes
   303 | D:1      | Slain by a jackal

Skill      XL: |  1 |
---------------+----+-----
Transmutations | 3 |  3.1
Fighting       | |  1.3
Dodging        | |  2.9
Unarmed Combat | |  3.4
Spellcasting   | |  2.1

Action                   || total
-------------------------++-------
Melee: Unarmed           ||    28
       Headbutt          ||     2
       Punch             ||     1
 Cast: Beastly Appendage ||     5
       Sticks to Snakes  ||     1
Armor: Robe              ||     6
Dodge: Dodged            ||    29
